Selects Australian Defense Battlegroup
Selects Australian Light Infantry Section
Australian Light Infantry Section
Australian Light Infantry Section
Construct Section Command Post
Construct Platoon Command Post
Selects 2-pounder Anti-tank Gun Team
Unlock M3 Stuart Light Tanks
Construct Field Infirmary
Selects Vehicle Over Repair
Selects CMP 15cwt Supply Run
2-pounder Anti-tank Gun Team
Construct Company Command Post
Selects Reinforced Resource Caches